Map: 霓虹广场 - 天梯版

Players

TIME (Oliveira) - Winner!

  • Race: Terran Terran
  • Spawn Location: 5:00

Cloudy

  • Race: Protoss Protoss
  • League: Master
  • Spawn Location: 11:00

Event: 2018 Hangzhou StarCraft Carnival

VOD

Have the link to the VOD?

Description

Time

  • Played on: April 29, 2018, 12:32 a.m.
  • Length: 11:48

All games in this series

Show
View Real Time Build Order
Export as new Build Order

TIME Terran - Winner!

Build Orders: Cyclone Opening, Gas First Reaper Expand, Reaper Expand, MMM Bio 

Get SALT Encoding   

  12  0:00  SCV  
  13  0:12  SCV  
  14  0:18  Supply Depot  
  14  0:24  SCV  
  15  0:30  Refinery  
  15  0:39  SCV  
  16  0:45  Barracks  
  16  0:51  SCV  
  17  1:03  SCV  
  18  1:15  SCV  
  19  1:33  Reaper, Orbital Command  
  20  1:44  Command Center  
  20  1:55  Factory  
  20  1:59  SCV  
  21  2:08  Barracks Reactor  
  21  2:12  SCV  
  21  2:15  Supply Depot  
  22  2:20  Refinery  
  22  2:24  SCV  
  24  2:37  SCV  
  24  2:44  Cyclone  
  24  2:45  Marine x2  
  24  2:49  SCV  
  30  2:56  Orbital Command  
  30  3:01  SCV  
  30  3:02  Marine  
  30  3:03  Marine  
  33  3:07  Starport  
  33  3:13  SCV  
  33  3:18  Widow Mine  
  35  3:20  Marine  
  35  3:23  Barracks  
  35  3:24  SCV  
  37  3:27  SCV  
  37  3:31  Marine  
  39  3:35  Supply Depot  
  39  3:36  SCV  
  39  3:39  SCV  
  39  3:41  Factory Tech Lab  
  41  3:44  Medivac  
  41  3:48  SCV  
  44  3:50  Marine  
  44  3:51  SCV  
  46  3:57  Marine  
  46  3:59  Supply Depot  
  46  4:00  SCV  
  48  4:03  SCV  
  48  4:08  Marine  
  47  4:12  SCV  
  47  4:14  Marine  
  47  4:15  SCV  
  48  4:24  SCV, Factory Tech Lab  
  48  4:26  Barracks  
  48  4:28  Marine  
  48  4:30  Stimpack  
  50  4:31  Engineering Bay  
  50  4:32  Marine  
  50  4:34  SCV  
  50  4:37  Marine  
  53  4:42  SCV  
  53  4:46  Marine, SCV  
  53  4:52  Refinery, Factory Reactor  
  55  4:54  SCV  
  55  4:55  Marine x2, Supply Depot  
  55  4:59  Terran Infantry Weapons Level 1  
  58  5:01  SCV  
  58  5:03  Marine  
  58  5:06  SCV  
  59  5:09  Starport Reactor  
  59  5:13  SCV  
  60  5:17  Supply Depot  
  60  5:18  SCV  
  60  5:19  Combat Shields  
  60  5:20  Marine x3  
  64  5:24  Marine  
  64  5:26  SCV  
  66  5:29  Widow Mine x2  
  66  5:33  Supply Depot  
  70  5:38  Marine x2  
  70  5:39  SCV  
  70  5:41  SCV  
  70  5:42  Marine x2  
  75  5:43  Supply Depot  
  75  5:47  Medivac  
  78  5:54  Supply Depot  
  78  5:55  SCV, Medivac  
  78  5:56  Marine  
  82  5:58  Supply Depot  
  82  6:02  Widow Mine  
  82  6:03  Widow Mine  
  86  6:04  Marine  
  86  6:05  Marine  
  86  6:10  SCV  
  86  6:11  SCV  
  90  6:12  Marine, Supply Depot  
  91  6:18  Refinery, Medivac  
  91  6:24  Marine, SCV  
  91  6:25  Medivac  
  97  6:28  Widow Mine  
  97  6:31  Marine, Concussive Shells  
  97  6:32  Liberator, Marauder  
  102  6:34  SCV  
  103  6:41  Marine, Widow Mine  
  106  6:50  Missile Turret  
  106  6:51  Widow Mine  
  106  6:53  Marauder  
  113  6:58  Liberator  
  113  7:07  Marine  
  113  7:08  Marauder  
  112  7:15  Widow Mine x2  
  117  7:22  Supply Depot  
  117  7:23  Supply Depot  
  117  7:26  Liberator  
  116  7:41  Marine  
  116  7:42  SCV  
  116  7:43  SCV  
  116  7:44  Widow Mine, Marauder  
  101  7:52  Liberator  
  101  7:54  SCV  
  101  7:55  SCV  
  101  7:57  Marine  
  101  7:58  Marauder  
  90  7:59  Marine  
  90  8:00  Widow Mine  
  89  8:06  SCV  
  89  8:07  SCV  
  94  8:13  Marine  
  94  8:15  Marine  
  94  8:17  Liberator  
  94  8:18  SCV, Widow Mine  
  94  8:19  SCV, Marine, Marauder  
  103  8:30  Widow Mine  
  106  8:37  Marine  
  106  8:38  Marine, Supply Depot, Marauder  
  106  8:39  Supply Depot  
  112  8:42  Liberator  
  112  8:47  Widow Mine  
  114  8:50  Marine  
  114  8:53  Widow Mine  
  117  9:00  Liberator, Marauder  
  110  9:10  SCV  
  110  9:11  Marine x2  
  110  9:12  Marauder  
  110  9:15  SCV, Widow Mine x2  
  99  9:25  SCV  
  99  9:27  Marine  
  99  9:32  SCV  
  100  9:39  Marine, Terran Infantry Armor Level 1  
  101  9:46  Widow Mine x2  
  101  9:48  SCV  
  101  9:49  Marine x2  
  101  9:50  Marauder  
  110  9:56  Marine  
  111  10:00  Medivac  
  111  10:02  Medivac  
  115  10:07  Marine  
  115  10:18  Widow Mine x2  
  119  10:21  Liberator  
  117  10:30  Marine x2  
  117  10:31  Marauder  
  117  10:35  Command Center  
  113  10:39  SCV  
  113  10:41  SCV  
  116  10:45  Marine  
  117  10:52  SCV  
  117  10:55  Marine  
  114  10:59  SCV  
  114  11:04  Marine, SCV  
  117  11:11  SCV  
  118  11:14  Widow Mine x2  
  118  11:15  Marine  
  123  11:19  Supply Depot  
  123  11:20  SCV  
  123  11:22  Marine  
Show
View Real Time Build Order
Export as new Build Order

Cloudy Protoss 

Build Orders: 1 Gate Expand, Oracle Opening 

Get SALT Encoding   

  12  0:01  Probe  
  13  0:13  Probe  
  14  0:20  Pylon  
  14  0:26  Probe  
  15  0:34  Probe  
  15  0:39  Gateway  
  16  0:43  Assimilator, Probe  
  17  0:53  Probe  
  18  1:05  Probe  
  19  1:18  Probe  
  20  1:25  Nexus  
  20  1:34  Cybernetics Core  
  20  1:37  Probe  
  21  1:45  Assimilator  
  21  1:50  Probe  
  22  1:56  Pylon  
  22  2:02  Probe  
  22  2:05  Adept  
  25  2:16  Probe  
  25  2:22  Stargate  
  26  2:27  Stalker  
  26  2:28  Probe  
  26  2:33  Warp Gate  
  28  2:40  Probe x2  
  30  2:52  Probe x2  
  30  2:58  Oracle  
  32  3:04  Probe x2  
  37  3:16  Probe x2  
  39  3:28  Stalker, Probe  
  39  3:29  Probe  
  39  3:32  Oracle  
  39  3:33  Pylon  
  41  3:40  Probe  
  42  3:42  Probe  
  46  3:50  Gateway  
  46  3:51  Gateway  
  46  3:53  Probe  
  46  3:55  Probe  
  48  4:05  Probe  
  48  4:08  Pylon  
  49  4:10  Pylon  
  49  4:14  Probe  
  50  4:17  Probe  
  50  4:20  Nexus  
  51  4:28  Probe  
  52  4:31  Robotics Facility, Probe  
  53  4:40  Probe  
  54  4:46  Forge, Probe  
  54  4:49  Twilight Council  
  54  4:51  Assimilator  
  54  4:52  Probe  
  56  4:54  Protoss Ground Weapons Level 1  
  56  4:55  Assimilator  
  56  4:58  Resonating Glaives  
  56  5:03  Probe  
  56  5:04  Probe  
  58  5:12  Gateway  
  58  5:13  Sentry  
  60  5:15  Gateway  
  60  5:18  Gateway  
  60  5:22  Gateway  
  60  5:24  Gateway, Warp Prism  
  60  5:28  Sentry  
  60  5:29  Probe  
  65  5:39  Pylon  
  65  5:41  Probe  
  67  5:42  Probe  
  67  5:43  Probe  
  67  5:49  Sentry x2  
  72  5:50  Pylon  
  72  6:12  Immortal  
  72  6:13  Pylon  
  72  6:16  Pylon, Shield Battery  
  76  6:22  Pylon  
  76  6:30  Adept x7  
  76  6:31  Adept  
  92  6:47  Pylon  
  92  6:50  Pylon  
  92  6:51  Pylon, Adept x5  
  102  6:58  Pylon  
  102  7:07  Observer  
  101  7:17  Adept x7  
  101  7:20  Adept  
  102  7:42  Adept x5  
  111  7:48  Warp Prism  
  87  8:03  Adept x4  
  95  8:07  Adept  
  95  8:08  Sentry x2  
  101  8:15  Assimilator  
  101  8:16  Adept  
  101  8:18  Blink  
  103  8:56  Adept x8  
  102  9:12  Protoss Ground Armor Level 1  
  102  9:13  Warp Prism  
  78  9:37  Nexus  
  78  9:38  Stalker x4  
  86  9:58  Stalker x4  
  80  10:38  Pylon  
  78  10:44  Pylon  
  78  10:47  Pylon  
  78  10:48  Pylon  
  74  10:58  Pylon  
  74  10:59  Probe x2  
  74  11:00  Stalker x4  
  74  11:03  Probe  
  81  11:11  Probe  
  81  11:15  Sentry x2  
  83  11:20  Stalker  
  85  11:26  Observer  
  85  11:31  Stalker x2  
Tags
 
Add a new tag
Caveats
  • Supply blocks, unpowered buildings, or Contaminate may cause inaccurate times.
  • Supply counts are checked every 10 seconds.